 Dungeon Crawl Stone Soup version 0.29.1-15-g9cfb28693d (webtiles) character file.

Game seed: 5765806760360932690

63 ChiefBigBeans the Grave Robber (level 3, -4/24 HPs)
             Began as a Mummy Necromancer on Apr 26, 2023.
             Slain by a gnoll
             ... wielding a +0 halberd
              (9 damage)
             ... on level 3 of the Dungeon.
             The game lasted 00:08:50 (2058 turns).

ChiefBigBeans the Grave Robber (Mummy Necromancer)  Turns: 2058, Time: 00:08:51

Health: -4/24      AC:  5    Str: 11    XL:     3   Next: 89%
Magic:  4/8        EV: 12    Int: 16    God:
Gold:   265        SH:  0    Dex: 12    Spells: 6/10 levels left

rFire   x . .      SeeInvis .   c - +0 short sword
rCold   + . .      Faith    .   (no shield)
rNeg    + + +      Spirit   .   a - +0 robe
rPois   ∞          Reflect  .   f - +0 helmet
rElec   .          Harm     .   k - +0 cloak
rCorr   .          Rampage  .   i - +0 pair of gloves
Will    +....                   (no boots)
Stlth   ++........              (no amulet)
HPRegen 0.08/turn               l - ring of willpower
MPRegen 0.11/turn               (no ring)

@: no status effects
A: cold resistance 1, negative energy resistance 3, torment resistance 2, heat
vulnerability 1, in touch with death 1, no potions
a: no special abilities


You were on level 3 of the Dungeon.
You visited 1 branch of the dungeon, and saw 3 of its levels.

You collected 265 gold pieces.

Inventory:

Hand Weapons
 c - a +0 short sword (weapon)
Armour
 a - a +0 robe (worn)
 f - a +0 helmet (worn)
 i - a +0 pair of gloves (worn)
 k - a +0 cloak (worn)
Magical Staves
 e - a staff of poison
Jewellery
 l - a ring of willpower (left hand)
Scrolls
 b - a scroll of identify
 d - 2 scrolls of noise
 g - a scroll of magic mapping
 h - a scroll of amnesia
 j - a scroll of immolation {unknown}


   Skills:
 - Level 1.5 Dodging
 + Level 2.1 Stealth
 * Level 4.0 Spellcasting
 * Level 4.6 Necromancy


You had 6 spell levels left.
You knew the following spells:

 Your Spells              Type           Power      Damage    Failure   Level
a - Necrotise             Necr           100%       1d9       2%          1
b - Vampiric Draining     Necr           27%        2d7       8%          3

Your spell library contained the following spells:

 Spells                   Type           Power      Damage    Failure   Level
 Animate Dead             Necr           27%        N/A       26%         4
 Agony                    Necr           27%        N/A       56%         5


Dungeon Overview and Level Annotations

Branches:
Dungeon (3/15)

Altars:

Shops:
D:1 (


Innate Abilities, Weirdness & Mutations

You are immune to poison.
Your flesh is cold resistant. (rC+)
You are immune to negative energy. (rN+++)
You are immune to unholy pain and torment.
You are vulnerable to heat. (rF-)
You are in touch with the powers of death.
You do not drink.


Message History

Your rat skeleton closely misses the gnoll.
The gnoll hits you with a +0 club.
You closely miss the gnoll.
The gnoll is severely wounded.
The gnoll hits you with a +0 club.
You barely miss the gnoll.
The gnoll is severely wounded.
Your rat skeleton bites the gnoll but does no damage.
The gnoll hits your rat skeleton with a +0 club.
Your rat skeleton is destroyed!
The gnoll shouts!
You barely miss the gnoll.
The gnoll is severely wounded.
The gnoll hits you with a +0 club.
* * * LOW HITPOINT WARNING * * *
Aiming: Necrotise (safe; 2% risk of failure)
Press: ? - help, Q - select action Shift-Dir - straight line, f - gnoll
Aim: a gnoll, wielding a +0 club (severely wounded, chance to affect: 88%)
You feel a surge of power!
The gnoll barely resists.
A gnoll comes into view. It is wielding a +0 halberd.
The gnoll closely misses you.
Aiming: Necrotise (safe; 2% risk of failure)
Press: ? - help, Q - select action Shift-Dir - straight line, f/p - gnoll
Aim: a gnoll, wielding a +0 club (severely wounded, chance to affect: 88%)
You feel a surge of power!
The gnoll writhes in agony!
You kill the gnoll!
The dead are walking!
Something hits your gnoll skeleton!
Your Spellcasting skill increases to level 4!
Aiming: Necrotise (safe; 2% risk of failure)
Press: ? - help, Q - select action Shift-Dir - straight line, f - gnoll
Aim: a gnoll, wielding a +0 halberd (chance to affect: 88%)
You feel a surge of power!
The gnoll writhes in agony.
Something hits your gnoll skeleton.
Aiming: Necrotise (safe; 2% risk of failure)
Press: ? - help, Q - select action Shift-Dir - straight line, f/p - gnoll
Aim: a gnoll, wielding a +0 halberd (heavily wounded, ally target, chance to affect: 88%)
You feel a surge of power!
The gnoll barely resists.
A gnoll comes into view. It is wielding a +0 whip.
The gnoll hits you from afar with a +0 halberd!
You die...

#######.#####
#>..........#
#.#####.###.#
#.#####.#
#.......#
#..####.#
#..# #.#
#####..# #..
#..g.@.# ..#
#.###)#......
#Z.......
g...#.###
..###.# ##.#
# #.# #.#


You could see 2 gnolls and a friendly gnoll skeleton.

Vanquished Creatures
  A gnoll (D:3)
  An adder (D:3)
  A dart slug (D:1)
  3 bats
  3 endoplasms
  2 giant cockroaches
  5 goblins
  2 hobgoblins
  4 quokkas
  7 ball pythons
  3 frilled lizards
  4 kobolds
  5 rats
41 creatures vanquished.

Vanquished Creatures (collateral kills)
  A goblin (D:2)
  A ball python (D:2)
  A frilled lizard (D:2)
3 creatures vanquished.

Grand Total: 44 creatures vanquished

Notes
Turn   | Place    | Note
-------+----------+-------------------------------------------
     0 | D:1      | ChiefBigBeans the Mummy Necromancer began the quest for the
                  | Orb.
     0 | D:1      | Reached XP level 1. HP: 13/13 MP: 4/4
    99 | D:1      | Found Woopatuk's Antique Weapon Shop.
   231 | D:1      | Reached XP level 2. HP: 13/19 MP: 0/6
   839 | D:2      | Found a faded altar of an unknown god.
  1008 | D:2      | Gained mutation: You are in touch with the powers of death.
                  | [Mummy growth]
  1008 | D:2      | Reached XP level 3. HP: 22/24 MP: 4/8
  1853 | D:3      | Learned a level 3 spell: Vampiric Draining
  2058 | D:3      | Slain by a gnoll

Illustrated notes

Levels and vault maps discovered:
D:1:      saegor_arrival_simple_c, layout_rooms, serial_shops, shop,
          minmay_ruptured
D:2:      minmay_spotlight, layout_basic, shapermc_ecumenical_altar_flowoftime,
          kennysheep_potato
D:3:      layout_loops_ring, kennysheep_jessica_study, uniq_sigmund

Skill      XL: |  1  2  3 |
---------------+----------+-----
Spellcasting   | 3 4 |  4.0
Stealth        | 2 |  2.1
Dodging        | |  1.5
Necromancy     | |  4.6

Action                   || total
-------------------------++-------
Melee: Short sword       ||    19
       Unarmed           ||     1
 Cast: Necrotise         ||    59
  Use: Scroll            ||     4
Armor: Robe              ||     8
Dodge: Dodged            ||    16
